 Dungeon Crawl Stone Soup version 0.28.0 (webtiles) character file.

Game seed: 5516935168728252610

37 HallandMoats the Ruffian (level 3, 0/31 HPs)
             Began as a Ghoul Monk on Feb 11, 2022.
             Slain by Natasha (5 damage)
             ... on level 2 of the Dungeon.
             The game lasted 00:01:32 (1128 turns).

HallandMoats the Ruffian (Ghoul Monk)               Turns: 1128, Time: 00:01:33

Health: 0/31       AC:  5    Str: 14    XL:     3   Next: 41%
Magic:  2/2        EV: 11    Int:  5    God:
Gold:   26         SH:  0    Dex: 13    Spells: 2/2 levels left

rFire   . . .      SeeInvis .     - Unarmed
rCold   + . .      Faith    .   (no shield)
rNeg    + + +      Spirit   .   c - +0 ring mail
rPois   ∞          Reflect  .   (no helmet)
rElec   .          Harm     .   (no cloak)
rCorr   .          Rampage  .   (no gloves)
Will    .....                   (no boots)
Stlth   +.........              (no amulet)
HPRegen 0.00/turn               (no ring)
MPRegen 0.08/turn               (no ring)

@: inhibited regen
A: claws 1, cold resistance 1, negative energy resistance 3, inhibited
regeneration, torment resistance 2
a: no special abilities


You were on level 2 of the Dungeon.
You visited 1 branch of the dungeon, and saw 2 of its levels.

You collected 26 gold pieces.

Inventory:

Armour
 c - a +0 ring mail (worn)
Scrolls
 a - a scroll of identify {unknown}
 b - a scroll of teleportation {unknown}


   Skills:
 * Level 3.6 Fighting
 * Level 1.0 Armour
 * Level 3.0 Dodging
 - Level 2.2 Stealth
 * Level 3.7 Unarmed Combat
 + Level 0.6 Invocations


You had 2 spell levels left.
You didn't know any spells.
Your spell library contained the following spells:

 Spells                   Type           Power      Damage    Failure   Level
 Gell's Gravitas          Tloc           0%         N/A       97%         3
 Lesser Beckoning         Tloc           0%         N/A       97%         3
 Teleport Other           Tloc           0%         N/A       97%         3


Dungeon Overview and Level Annotations

Branches:
Dungeon (2/15)

Altars:

Shops:
D:1 [

Annotations:
D:2 Natasha


Innate Abilities, Weirdness & Mutations

You thrive by killing the living.
You are immune to poison.
You have sharp fingernails.
Your flesh is cold resistant. (rC+)
You are immune to negative energy. (rN+++)
You do not regenerate when monsters are visible.
You are immune to unholy pain and torment.


Message History

Natasha is heavily wounded.
The white imp hits you but does no damage.
You barely miss Natasha.
Natasha is heavily wounded.
Natasha claws you. The white imp hits you. The white imp freezes you.
You resist.
You are too injured to fight recklessly!
You are too injured to fight recklessly!
You are too injured to fight recklessly!
You are too injured to fight recklessly!
You are too injured to fight recklessly!
You are too injured to fight recklessly!
You are too injured to fight recklessly!
You are too injured to fight recklessly!
You are too injured to fight recklessly!
You are too injured to fight recklessly!
You are too injured to fight recklessly!
Unknown command.
You barely miss Natasha.
Natasha is heavily wounded.
Natasha claws you.
* * * LOW HITPOINT WARNING * * *
The white imp hits you but does no damage.
You closely miss Natasha.
Natasha is heavily wounded.
Natasha mumbles some strange words.
The white imp barely misses you.
You scratch Natasha but do no damage.
Natasha is heavily wounded.
Natasha barely misses you. The white imp barely misses you.
You scratch Natasha.
Natasha is severely wounded.
Natasha closely misses you. The white imp gestures at you.
The puff of frost hits you. You resist.
* * * LOW HITPOINT WARNING * * *
You scratch Natasha.
Natasha is severely wounded.
Natasha claws you.
You die...

....# ...## # .# .".#
.## .# ..†## ..##.#
....##### #....#
........########....#
#######........†....##
####.......5...##
##.....@5....#
#......h.....#
#..............
#..............
................
.#..............
...............
.#.............


You could see Natasha, a white imp (summoned) and a shadow imp (summoned).

Vanquished Creatures
  A dart slug (D:1)
  5 ball pythons
  2 bats
  5 endoplasms
  2 giant cockroaches (D:1)
  4 goblins
  2 hobgoblins
  3 jackals (D:1)
  A quokka (D:1)
  A kobold (D:1)
  2 rats (D:1)
28 creatures vanquished.

Vanquished Creatures (others)
  5 plants (D:1)
5 creatures vanquished.

Grand Total: 33 creatures vanquished

Notes
Turn   | Place    | Note
-------+----------+-------------------------------------------
     0 | D:1      | HallandMoats the Ghoul Monk began the quest for the Orb.
     0 | D:1      | Reached XP level 1. HP: 19/19 MP: 0/0
   188 | D:1      | Reached XP level 2. HP: 21/26 MP: 1/1
   240 | D:1      | Found Ifiudghey's Armour Shop.
   690 | D:1      | Reached XP level 3. HP: 27/31 MP: 2/2
   702 | D:1      | Reached skill level 1 in Armour
  1114 | D:2      | Noticed Natasha
  1128 | D:2      | Slain by Natasha

Illustrated notes

Levels and vault maps discovered:
D:1:      ncdulo_smallfort, layout_basic, serial_bayou, serial_bayou_crossing,
          serial_bayou_pond_b, serial_bayou_lagoon_b, serial_bayou_pond_d,
          serial_bayou_ford_a, serial_shops, nicolae_shop_trees, minivault_19
D:2:      layout_rooms, serial_glass, glass_columns_a, glass_columns_b,
          glass_columns_b, glass_columns_c, glass_columns_c, uniq_natasha

Skill      XL: |  1  2  3 |
---------------+----------+-----
Armour         | 1 |  1.0
Dodging        | 3 |  3.0
Fighting       | |  3.6
Stealth        | |  2.2
Unarmed Combat | |  3.7
Invocations    | |  0.6

Action                   || total
-------------------------++-------
Melee: Unarmed           ||    87
Armor: Ring mail         ||    35
       Robe              ||     1
Dodge: Dodged            ||    51
